 Dungeon Crawl Stone Soup version 0.25.0-11-g1f837a76a1 (webtiles) character file.

Game seed: 1020042567344540997

202 kalagan the Skirmisher (level 5, 0/33 HPs)
             Began as a Gargoyle Fighter on June 27, 2020.
             Slain by Natasha (4 damage)
             ... on level 3 of the Dungeon.
             The game lasted 00:03:27 (2198 turns).

kalagan the Skirmisher (Gargoyle Fighter)           Turns: 2198, Time: 00:03:27

Health: 0/33       AC: 13    Str: 20    XL:     5   Next: 80%
Magic:  5/5        EV:  7    Int:  9    God:
Gold:   95         SH:  9    Dex:  9    Spells: 4/4 levels left

rFire    + + +     SeeInvis .   a - +0 flail
rCold    x . .     Gourm    .   c - +0 kite shield
rNeg     + . .     Faith    .   t - +0 fire dragon scales
rPois    ∞         Spirit   .   i - +0 hat
rElec    +         Reflect  .   (no cloak)
rCorr    .         Harm     .   (no gloves)
MR       .....                  (no boots)
Stlth    ..........             (no amulet)
HPRegen  0.11/turn              q - ring of protection from fire
MPRegen  0.09/turn              (no ring)

@: mighty
A: negative energy resistance 1, electricity resistance, unbreathing,
petrification resistance, rot immunity, AC +4
a: no special abilities


You were on level 3 of the Dungeon.
You were not hungry.

You visited 1 branch of the dungeon, and saw 3 of its levels.

You collected 95 gold pieces.

Inventory:

Hand Weapons
 a - a +0 flail (weapon)
Armour
 b - a +0 scale mail
 c - a +0 kite shield (worn)
 i - a +0 hat (worn)
 t - +0 fire dragon scales (worn)
Jewellery
 q - a ring of protection from fire (left hand)
Wands
 u - a wand of flame (3)
Scrolls
 e - 4 scrolls of amnesia {unknown}
 j - 4 scrolls of identify {unknown}
 m - 2 scrolls of teleportation {unknown}
 n - a scroll of enchant armour {unknown}
 o - a scroll of immolation {unknown}
 p - a scroll of magic mapping {unknown}
 s - a scroll of remove curse {unknown}
Potions
 g - a potion of stabbing {unknown}
 k - a potion of curing {unknown}
 l - a potion of heal wounds {unknown}
 r - 2 potions of brilliance {unknown}
Comestibles
 f - 8 rations
 h - 10 chunks of flesh


   Skills:
 + Level 4.3 Fighting
 * Level 3.2 Maces & Flails
 + Level 4.2 Armour
 * Level 1.7 Dodging
 + Level 4.0 Shields


You had 4 spell levels left.
You didn't know any spells.
Your spell library was empty.

Dungeon Overview and Level Annotations

Branches:
Dungeon (3/15)

Altars:

Annotations:
D:3 Natasha


Innate Abilities, Weirdness & Mutations

You are resistant to torment.
Your stone body is resilient. (AC +4)
You are immune to poison.
You resist negative energy. (rN+)
You are resistant to electric shocks. (rElec)
You can survive without breathing.
You are immune to petrification.
You are immune to rotting.


Message History

Natasha, Servant of Life and Death comes into view.
Natasha is nearby!
You are too injured to fight recklessly!
You are too injured to fight recklessly!
You are too injured to fight recklessly!
You are too injured to fight recklessly!
Natasha hisses angrily.
Natasha claws you.
* * * LOW HITPOINT WARNING * * *
You barely miss Natasha. Natasha barely misses you.
You feel very mighty all of a sudden. Natasha claws you but does no damage.
You closely miss Natasha.
Natasha claws you but does no damage. x2
Unknown command.
You closely miss Natasha. Natasha barely misses you.
Unknown command.
You sock Natasha!
Natasha is almost dead.
Natasha claws you.
You die...

..<.......#....###.....#
##.#....÷..#.....##.....#
..........#.....##.....#
##........#.....##.....#
#..............##.....#
#.......##.######.....#
#.......##............#
#.....h.##............#
##.)###@##..........###
#o.# #)##..........#
w.s.# #.##.(÷.......#
....o.# #+##...÷......#
......#.# #..........####
....).#.# #..............
.######.# #..............
#%# #..............
#..............


You could see Natasha.

Vanquished Creatures
  A scorpion (D:3)
  An orc wizard (D:3)
  Natasha (D:3)
  2 adders (D:3)
  5 worms
  3 dart slugs
  6 orcs (D:3)
  10 bats
  2 giant cockroaches
  5 goblins
  4 hobgoblins
  4 jackals (D:2)
  4 kobolds
  2 quokkas (D:3)
  2 ball pythons
  4 frilled lizards
  7 rats
63 creatures vanquished.

Notes
Turn   | Place    | Note
-------+----------+-------------------------------------------
     0 | D:1      | kalagan the Gargoyle Fighter began the quest for the Orb.
     0 | D:1      | Reached XP level 1. HP: 14/14 MP: 1/1
   232 | D:1      | Reached XP level 2. HP: 19/19 MP: 2/2
   879 | D:2      | Reached XP level 3. HP: 22/24 MP: 3/3
  1582 | D:2      | Reached XP level 4. HP: 21/29 MP: 4/4
  1805 | D:3      | Reached skill level 1 in Dodging
  2091 | D:3      | Noticed Natasha
  2131 | D:3      | Reached XP level 5. HP: 20/33 MP: 5/5
  2149 | D:3      | Killed Natasha
  2192 | D:3      | Noticed Natasha
  2198 | D:3      | Slain by Natasha

Illustrated notes

Levels and vault maps discovered:
D:1:      lemuel_arrival_lava_pool, layout_loops_cross, minmay_door_square
D:2:      layout_basic, hangedman_decor_points
D:3:      layout_basic, makhleb_heckhound_becter, uniq_natasha

Skill      XL: |  1  2  3  4  5 |
---------------+----------------+-----
Fighting       | 4 |  4.3
Dodging        | 1 |  1.7
Armour         | 4 |  4.2
Maces & Flails | 3 |  3.2
Shields        | 4 |  4.0

Action                   |  1- 3 |  4- 6 || total
-------------------------+-------+-------++-------
Melee: Flail             |   154 |   115 ||   269
  Use: Potion            |       |     2 ||     2
  Eat: Chunk             |     2 |     3 ||     5
Armor: Scale mail        |   102 |    27 ||   129
       Fire dragon scale |       |    31 ||    31
Dodge: Dodged            |    74 |    32 ||   106
Block: Kite shield       |   112 |    51 ||   163
